 Dungeon Crawl Stone Soup version 0.21.1-1-g345015f (webtiles) character file.

53 inc the Ducker (level 3, -7/29 HPs)
             Began as a Demonspawn Monk on June 9, 2018.
             Killed by nerve-wracking pain
             ... invoked by an orc priest
              (13 damage)
             ... on level 3 of the Dungeon.
             The game lasted 00:03:12 (2322 turns).

inc the Ducker (Demonspawn Monk)                    Turns: 2322, Time: 00:03:12

Health: -7/29      AC:  2    Str: 11    XL:     3   Next: 64%
Magic:  3/3        EV: 14    Int: 12    God:
Gold:   64         SH:  0    Dex: 15    Spells: 2/2 levels left

rFire    . . .     SeeInvis .   a - +0 mace
rCold    . . .     Gourm    .   (no shield)
rNeg     . . .     Faith    .   b - +0 robe
rPois    .         Spirit   .   (no helmet)
rElec    .         Reflect  .   (no cloak)
rCorr    .         Harm     .   (no gloves)
MR       .....                  (no boots)
Stlth    +++.......             (no amulet)
HPRegen  0.09/turn              (no ring)
MPRegen  0.08/turn              (no ring)

@: no status effects
A: nightstalker 1, powered by death 1
a: no special abilities


You were on level 3 of the Dungeon.
You were not hungry.

You visited 1 branch of the dungeon, and saw 3 of its levels.

You collected 64 gold pieces.

Inventory:

Hand Weapons
 a - a +0 mace (weapon)
Armour
 b - a +0 robe (worn)
Jewellery
 f - an uncursed ring of flight {unknown}
Scrolls
 d - a scroll of teleportation {unknown}
 e - a scroll of fog {unknown}
 g - a scroll of magic mapping {unknown}
 k - a scroll of enchant weapon {unknown}
 l - a scroll of identify {unknown}
 m - a scroll of enchant armour {unknown}
Potions
 h - a potion of degeneration {unknown}
 i - a potion of lignification {unknown}
 j - a potion of cancellation {unknown}
Comestibles
 c - 2 rations


   Skills:
 - Level 3.0 Fighting
 - Level 2.6 Maces & Flails
 + Level 4.2 Dodging
 - Level 1.7 Stealth


You had 2 spell levels left.
You didn't know any spells.

Dungeon Overview and Level Annotations

Branches:
Dungeon (3/15)

Altars:
Ashenzari


Innate Abilities, Weirdness & Mutations

You are slightly more attuned to the shadows.
You regenerate a little health from kills.


Message History

You hit the leopard gecko.
The leopard gecko is severely wounded.
The leopard gecko bites you. The leopard gecko misses you.
You closely miss the leopard gecko.
The leopard gecko is severely wounded.
The leopard gecko closely misses you.
You hit the leopard gecko.
You kill the leopard gecko!
You hit the orc but do no damage. You barely miss the orc.
An orc opens the door.
The orc barely misses you.
You hit the orc but do no damage.
The orc hits you from afar with a trident.
The orc priest mumbles some strange prayers to Beogh against you.
Beogh smites you!
Ouch! That really hurt!
The orc hits you.
* * * LOW HITPOINT WARNING * * *
The orc priest invokes the aid of Beogh against you.
Pain shoots through your body!
You die...

### .. ........ .....
.......#######....## ..
.................... ...
.......#...........# ##.
.......#@##........# #.
.......o.##........#####.
.o....[#o##........'..##.
####...oo##........#.###.
#.###.##........#.###.
<..###.##........#.†...
#.#......#........####..
#........#..........#...
###.#.............#.#...


You could see an orc priest and 3 orcs.

Vanquished Creatures
  2 worms
  A dart slug (D:1)
  3 leopard geckos
  5 bats
  4 giant cockroaches
  2 goblins (D:2)
  3 hobgoblins
  6 jackals (D:1)
  A quokka (D:2)
  3 frilled lizards (D:1)
  5 kobolds
  3 rats (D:1)
38 creatures vanquished.

Notes
Turn   | Place    | Note
-------+----------+-------------------------------------------
     0 | D:1      | inc the Demonspawn Monk began the quest for the Orb.
     0 | D:1      | Reached XP level 1. HP: 18/18 MP: 1/1
   112 | D:1      | Reached skill level 3 in Dodging
   218 | D:1      | Gained mutation: You are slightly more attuned to the shadows. [demonic ancestry]
   218 | D:1      | Reached XP level 2. HP: 17/24 MP: 2/2
   678 | D:1      | Found a shattered altar of Ashenzari.
   925 | D:1      | Gained mutation: You regenerate a little health from kills. [demonic ancestry]
   925 | D:1      | Reached XP level 3. HP: 8/29 MP: 3/3
  1473 | D:2      | Noticed a phantom
  1916 | D:2      | Reached skill level 4 in Dodging
  2322 | D:3      | Killed from afar by an orc priest

Skill      XL: |  1  2  3 |
---------------+----------+-----
Dodging        | 3 4 |  4.2
Fighting       | |  3.0
Maces & Flails | |  2.6
Stealth        | |  1.7

Action                   || total
-------------------------++-------
Melee: Mace              ||   136
 Stab: Sleeping          ||     6
  Eat: Ration            ||     1
       Chunk             ||     1
Armor: Robe              ||    27
Dodge: Dodged            ||   116
